IL
NASHVILLE SOUNDS @ CHARLOTTE KNIGHTS
07/22/2045
 
TOP OF THE 1ST
Nashville Sounds batting - Pitching for Charlotte Knights : LHP Jaden Asante
Pitching: LHP Jaden Asante
Batting: RHB Jeff Garofalo 0-0: Ball
1-0: Ball
2-0: Foul Ball, location: 2F
2-1: Foul Ball, location: 2F
2-2: Ball
3-2: Foul Ball, location: 2F
3-2: SINGLE (Groundball, P, EV 93.1 MPH) (infield hit)
Batting: SHB Quincy Bradford 0-0: Ball
1-0: Grounds into double play, 6-4-3 (Groundball, 6, EV 86.2 MPH)
Batting: RHB Paul Healy 0-0: Ball
1-0: Ball
2-0: Ball
3-0: Called Strike
3-1: Called Strike
3-2: Strikes out looking
Top of the 1st over - 0 runs, 1 hit, 0 errors, 0 left on base; Nashville 0 - Charlotte 0
BOTTOM OF THE 1ST
Charlotte Knights batting - Pitching for Nashville Sounds : RHP Gary Caldwell
Pitching: RHP Gary Caldwell
Batting: RHB Steve Martin 0-0: Ball
1-0: Called Strike
1-1: Ball
2-1: Ball
3-1: Foul Ball, location: 2F
3-2: Strikes out swinging
Batting: RHB Dieter Knoops 0-0: Ball
1-0: Swinging Strike
1-1: Ball
2-1: Swinging Strike
2-2: Ball
3-2: Strikes out swinging, 2-3 out at first.
Batting: RHB Brad Boals 0-0: Called Strike
0-1: Ground out 5-3 (Groundball, 5, EV 109.4 MPH)
Bottom of the 1st over - 0 runs, 0 hits, 0 errors, 0 left on base; Nashville 0 - Charlotte 0
TOP OF THE 2ND
Nashville Sounds batting - Pitching for Charlotte Knights : LHP Jaden Asante
Batting: RHB Alan Oxenrider 0-0: Foul Ball, location: 2F
0-1: Swinging Strike
0-2: Ball
1-2: Ball
2-2: Strikes out swinging
Batting: SHB Gregg Whitecotton 0-0: Ball
1-0: Ball
2-0: Ground out 4-3 (Groundball, 4, EV 81.9 MPH)
Batting: RHB Antonio Gomez 0-0: Ball
1-0: Ball
2-0: Ball
3-0: Base on Balls
Batting: RHB Robby Godwin 0-0: Ball
1-0: Called Strike
1-1: Ball
2-1: Foul Ball, location: 2F
2-2: Fly out, F7 (Flyball, 78M, EV 92.5 MPH)
Top of the 2nd over - 0 runs, 0 hits, 0 errors, 1 left on base; Nashville 0 - Charlotte 0
BOTTOM OF THE 2ND
Charlotte Knights batting - Pitching for Nashville Sounds : RHP Gary Caldwell
Batting: LHB Ryan Karg 0-0: Called Strike
0-1: Called Strike
0-2: Ground out U3 (Groundball, 3, EV 105.6 MPH)
Batting: LHB Kevin Rolison 0-0: Ball
1-0: Ball
2-0: SINGLE (Line Drive, 7S, EV 99.4 MPH)
Batting: RHB Doug Lane 0-0: Foul Ball, location: 2F
0-1: Ball
1-1: Ball
2-1: Ball
3-1: Fielders Choice at 2nd, 3-6 (Groundball, 3, EV 83.1 MPH)
Batting: LHB Hirakito Herring 0-0: Ball
1-0: Ground out U3 (Groundball, 34S, EV 70.0 MPH)
Bottom of the 2nd over - 0 runs, 1 hit, 0 errors, 1 left on base; Nashville 0 - Charlotte 0
TOP OF THE 3RD
Nashville Sounds batting - Pitching for Charlotte Knights : LHP Jaden Asante
Batting: RHB Daniel Barger 0-0: Called Strike
0-1: Foul Ball, location: 2F
0-2: Ball
1-2: Foul Ball, location: 2F
1-2: Ball
2-2: Ground out 4-3 (Groundball, 4, EV 90.0 MPH)
Batting: SHB Ian Finley 0-0: Ball
1-0: Ball
2-0: Called Strike
2-1: SINGLE (Groundball, 34D, EV 104.4 MPH)
Batting: RHB Jeff Garofalo 0-0: Swinging Strike
0-1: Ball
1-1: Ball
2-1: Swinging Strike
2-2: Ball
3-2: SINGLE (Groundball, 4MD, EV 103.8 MPH)
Ian Finley to second
Batting: SHB Quincy Bradford 0-0: Swinging Strike
0-1: Ball
1-1: Ball
2-1: Ball
3-1: Foul Ball, location: 2F
3-2: Foul Ball, location: 2F
3-2: Strikes out swinging
Batting: RHB Paul Healy 0-0: Ball
Wild Pitch!
Ian Finley to third
Jeff Garofalo to second
1-0: Fly out, F7 (Flyball, 7, EV 91.9 MPH)
Top of the 3rd over - 0 runs, 2 hits, 0 errors, 2 left on base; Nashville 0 - Charlotte 0
BOTTOM OF THE 3RD
Charlotte Knights batting - Pitching for Nashville Sounds : RHP Gary Caldwell
Batting: LHB Chris Redding 0-0: Called Strike
0-1: Ball
1-1: Swinging Strike
1-2: Strikes out looking
Batting: LHB Joey Biber 0-0: Ground out 1-3 (Groundball, 25, EV 72.5 MPH)
Batting: RHB Steve Martin 0-0: Ball
1-0: Called Strike
1-1: Swinging Strike
1-2: Ball
2-2: Foul Ball, location: 2F
2-2: Strikes out swinging, 2-3 out at first.
Bottom of the 3rd over - 0 runs, 0 hits, 0 errors, 0 left on base; Nashville 0 - Charlotte 0
TOP OF THE 4TH
Nashville Sounds batting - Pitching for Charlotte Knights : LHP Jaden Asante
Batting: RHB Alan Oxenrider 0-0: Called Strike
0-1: Ball
1-1: SOLO HOME RUN (Flyball, 78XD, EV 111.9 MPH), Distance : 408 ft
Batting: SHB Gregg Whitecotton 0-0: Ball
1-0: Ball
2-0: Ball
3-0: Base on Balls
Batting: RHB Antonio Gomez 0-0: Called Strike
0-1: Ball
Pickoff Throw by Catcher to First - Out!
1-1: Foul Ball, location: 2F
1-2: Ball
2-2: Strikes out swinging
Batting: RHB Robby Godwin 0-0: Called Strike
0-1: Ball
1-1: Called Strike
1-2: Ball
2-2: Ball
3-2: Strikes out swinging
Top of the 4th over - 1 run, 1 hit, 0 errors, 0 left on base; Nashville 1 - Charlotte 0
BOTTOM OF THE 4TH
Charlotte Knights batting - Pitching for Nashville Sounds : RHP Gary Caldwell
Batting: RHB Dieter Knoops 0-0: Swinging Strike
0-1: Swinging Strike
0-2: Ball
1-2: Ball
2-2: Foul Ball, location: 2F
2-2: Foul Ball, location: 2F
2-2: Ground out 4-3 (Groundball, 34, EV 100.0 MPH)
Batting: RHB Brad Boals 0-0: Foul Ball, location: 2F
0-1: Ball
1-1: Ball
2-1: Ball
3-1: Called Strike
3-2: Ground out 5-3 (Groundball, 5S, EV 88.8 MPH)
Batting: LHB Ryan Karg 0-0: Ball
1-0: Called Strike
1-1: Swinging Strike
1-2: Ball
2-2: Foul Ball, location: 2F
2-2: Ball
3-2: Foul Ball, location: 2F
3-2: Fly out, F8 (Line Drive, 8LM, EV 100.0 MPH)
Bottom of the 4th over - 0 runs, 0 hits, 0 errors, 0 left on base; Nashville 1 - Charlotte 0
TOP OF THE 5TH
Nashville Sounds batting - Pitching for Charlotte Knights : LHP Jaden Asante
Batting: RHB Daniel Barger 0-0: Ball
1-0: Swinging Strike
1-1: Foul Ball, location: 2F
1-2: Ball
2-2: Ground out 3-1 (Groundball, 34S, EV 70.0 MPH)
Batting: SHB Ian Finley 0-0: Ball
1-0: Called Strike
1-1: Ball
2-1: Ball
3-1: SINGLE (Flyball, 3D, EV 82.5 MPH)
Batting: RHB Jeff Garofalo 0-0: Ball
1-0: Swinging Strike
1-1: Fly out, F6 (Flyball, 56D, EV 81.9 MPH)
Batting: SHB Quincy Bradford 0-0: Called Strike
0-1: Swinging Strike
0-2: Foul Ball, location: 2F
0-2: Ball
1-2: Ball
2-2: Ball
3-2: Foul Ball, location: 2F
3-2: SINGLE (Line Drive, 4D, EV 100.0 MPH)
Ian Finley to second
Ian Finley to third
Batting: RHB Paul Healy 0-0: Ball
1-0: Foul Ball, location: 2F
1-1: SINGLE (Groundball, 4MD, EV 99.4 MPH)
Ian Finley scores
Quincy Bradford to second
Runner from 2nd tries for 3rd, SAFE, throw by CF made to third
Paul Healy to second
Batting: RHB Alan Oxenrider 0-0: Swinging Strike
0-1: SINGLE (Groundball, 56D, EV 103.8 MPH)
Quincy Bradford scores
Paul Healy to third
Runner from 3rd tries for Home, throw by LF and OUT! 7-2
Top of the 5th over - 2 runs, 4 hits, 0 errors, 1 left on base; Nashville 3 - Charlotte 0
BOTTOM OF THE 5TH
Charlotte Knights batting - Pitching for Nashville Sounds : RHP Gary Caldwell
Batting: LHB Kevin Rolison 0-0: Foul Ball, location: 2F
0-1: Ball
1-1: Called Strike
1-2: Foul Ball, location: 2F
1-2: Fly out, F9 (Flyball, 89D, EV 88.8 MPH)
Batting: RHB Doug Lane 0-0: Ball
1-0: Ball
2-0: Called Strike
2-1: Foul Ball, location: 2F
2-2: Ground out 6-3 (Groundball, 6, EV 98.8 MPH)
Batting: LHB Hirakito Herring 0-0: Called Strike
0-1: Foul Ball, location: 2F
0-2: Ball
1-2: Fly out, F8 (Line Drive, 8LD, EV 90.6 MPH)
Bottom of the 5th over - 0 runs, 0 hits, 0 errors, 0 left on base; Nashville 3 - Charlotte 0
TOP OF THE 6TH
Nashville Sounds batting - Pitching for Charlotte Knights : LHP Jaden Asante
Pitching: RHP Tommy Benedict
Batting: SHB Gregg Whitecotton 0-0: Called Strike
0-1: Ball
1-1: Ball
2-1: Swinging Strike
2-2: Strikes out swinging
Batting: RHB Antonio Gomez 0-0: Called Strike
0-1: Foul Ball, location: 2F
0-2: Ball
1-2: SINGLE (Groundball, 6MD, EV 108.8 MPH)
Batting: RHB Robby Godwin 0-0: Called Strike
0-1: Ball
1-1: Called Strike
1-2: Ball
2-2: Ball
3-2: Foul Ball, location: 2F
3-2: SINGLE (Flyball, 9LM, EV 93.8 MPH)
Antonio Gomez to second
Batting: RHB Daniel Barger 0-0: Ball
1-0: Called Strike
1-1: Ball
2-1: Called Strike
2-2: Ball
3-2: Base on Balls
Antonio Gomez to third
Robby Godwin to second
Batting: SHB Ian Finley 0-0: Ball
1-0: Fly out, F9 (Flyball, 9LS, EV 76.9 MPH)
Batting: RHB Jeff Garofalo 0-0: Ball
1-0: Ball
2-0: DOUBLE (Line Drive, 9LS, EV 101.2 MPH)
Antonio Gomez scores
Robby Godwin scores
Daniel Barger to third
Batting: SHB Quincy Bradford 0-0: Foul Ball, location: 2F
0-1: Ground out 4-3 (Groundball, 4, EV 90.0 MPH)
Top of the 6th over - 2 runs, 3 hits, 0 errors, 2 left on base; Nashville 5 - Charlotte 0
BOTTOM OF THE 6TH
Charlotte Knights batting - Pitching for Nashville Sounds : RHP Gary Caldwell
Batting: LHB Chris Redding 0-0: Ball
1-0: Ball
2-0: Ball
3-0: Called Strike
3-1: Fly out, F8 (Flyball, 8LD, EV 98.1 MPH)
Batting: LHB Joey Biber 0-0: Ball
1-0: Ball
2-0: Foul Ball, location: 2F
2-1: Ground out 1-3 (Groundball, 13S, EV 71.2 MPH)
Batting: RHB Steve Martin 0-0: Ball
1-0: Ball
2-0: Fly out, F9 (Flyball, 9, EV 89.4 MPH)
Bottom of the 6th over - 0 runs, 0 hits, 0 errors, 0 left on base; Nashville 5 - Charlotte 0
TOP OF THE 7TH
Nashville Sounds batting - Pitching for Charlotte Knights : RHP Tommy Benedict
Batting: RHB Paul Healy 0-0: Called Strike
0-1: Ball
1-1: Ball
2-1: Ball
3-1: Base on Balls
Batting: RHB Alan Oxenrider 0-0: Grounds into double play, 4-6-3 (Groundball, 4M, EV 103.1 MPH)
Batting: SHB Gregg Whitecotton 0-0: Called Strike
0-1: Ball
1-1: Swinging Strike
1-2: Strikes out swinging
Top of the 7th over - 0 runs, 0 hits, 0 errors, 0 left on base; Nashville 5 - Charlotte 0
BOTTOM OF THE 7TH
Charlotte Knights batting - Pitching for Nashville Sounds : RHP Gary Caldwell
Batting: RHB Dieter Knoops 0-0: Hit by Pitch
Batting: RHB Brad Boals 0-0: Ball
1-0: Called Strike
1-1: Ball
Dieter Knoops steals 2nd base
2-1: Foul Ball, location: 2F
2-2: Ground out U3 (Groundball, 3, EV 85.6 MPH)
Dieter Knoops to third
Batting: LHB Ryan Karg 0-0: Ball
1-0: Swinging Strike
1-1: Ball
2-1: Ground out 4-3 (Groundball, 4, EV 86.2 MPH)
Dieter Knoops scores
Batting: LHB Kevin Rolison 0-0: Ball
1-0: Foul Ball, location: 2F
1-1: Called Strike
1-2: Ground out 4-3 (Groundball, 4, EV 104.4 MPH)
Bottom of the 7th over - 1 run, 0 hits, 0 errors, 0 left on base; Nashville 5 - Charlotte 1
TOP OF THE 8TH
Nashville Sounds batting - Pitching for Charlotte Knights : RHP Tommy Benedict
Pitching: RHP Jon Huizenga
Batting: RHB Antonio Gomez 0-0: Ball
1-0: Ball
2-0: Swinging Strike
2-1: Ball
3-1: Foul Ball, location: 2F
3-2: SINGLE (Groundball, 34D, EV 107.5 MPH)
Batting: RHB Robby Godwin 0-0: Called Strike
Antonio Gomez steals 2nd base (no throw)
0-1: Ball
1-1: Ball
2-1: Foul Ball, location: 2F
2-2: Ball
3-2: Strikes out swinging
Batting: RHB Daniel Barger 0-0: Ball
1-0: Swinging Strike
1-1: Ball
2-1: Ball
3-1: Ground out 1-3 (Groundball, 13S, EV 71.9 MPH)
Antonio Gomez to third
Batting: SHB Ian Finley 0-0: Ball
1-0: Called Strike
1-1: Ground out U3 (Groundball, 3, EV 85.6 MPH)
Top of the 8th over - 0 runs, 1 hit, 0 errors, 1 left on base; Nashville 5 - Charlotte 1
BOTTOM OF THE 8TH
Charlotte Knights batting - Pitching for Nashville Sounds : RHP Gary Caldwell
Pitching: RHP Martin Goyer
Batting: RHB Doug Lane 0-0: Ball
1-0: Ball
2-0: Ball
3-0: Ground out 3-1 (Groundball, 34S, EV 82.5 MPH)
Batting: LHB Hirakito Herring 0-0: Called Strike
0-1: Swinging Strike
0-2: Strikes out swinging
Batting: LHB Chris Redding 0-0: Fly out, F5 (Popup, 5, EV 63.8 MPH)
Bottom of the 8th over - 0 runs, 0 hits, 0 errors, 0 left on base; Nashville 5 - Charlotte 1
TOP OF THE 9TH
Nashville Sounds batting - Pitching for Charlotte Knights : RHP Jon Huizenga
Pitching: LHP Bobby Martin
Batting: RHB Jeff Garofalo 0-0: Ball
1-0: Ball
2-0: Called Strike
2-1: Ball
3-1: Base on Balls
Batting: SHB Quincy Bradford 0-0: Ball
1-0: Bunted foul
1-1: Ball
2-1: Bunted foul
2-2: SINGLE (Groundball, 5S, EV 68.1 MPH) (infield hit)
Jeff Garofalo to second
Batting: RHB Paul Healy 0-0: Called Strike
0-1: Grounds into double play, 4-6-3 (Groundball, 4, EV 85.6 MPH)
Jeff Garofalo to third
Pitching: RHP Jesus Griego
Batting: RHB Alan Oxenrider 0-0: SINGLE (Groundball, 6MD, EV 98.1 MPH)
Jeff Garofalo scores
Batting: SHB Gregg Whitecotton 0-0: SINGLE (Groundball, 34D, EV 103.8 MPH)
Alan Oxenrider to second
Runner from 2nd tries for 3rd, SAFE, throw by RF made to third
Batting: RHB Antonio Gomez 0-0: Fly out, F4 (Flyball, 34D, EV 90.0 MPH)
Top of the 9th over - 1 run, 3 hits, 0 errors, 2 left on base; Nashville 6 - Charlotte 1
BOTTOM OF THE 9TH
Charlotte Knights batting - Pitching for Nashville Sounds : RHP Martin Goyer
Batting: LHB Joey Biber 0-0: Ball
1-0: Ball
2-0: Called Strike
2-1: Called Strike
2-2: Ball
3-2: Foul Ball, location: 2F
3-2: Base on Balls
Batting: RHB Steve Martin 0-0: Swinging Strike
0-1: Foul Ball, location: 2F
0-2: Foul Ball, location: 2F
0-2: Ball
1-2: Fielders Choice at 2nd, 3-6 (Groundball, 3, EV 88.1 MPH)
Batting: RHB Dieter Knoops 0-0: Foul Ball, location: 2F
0-1: Foul Ball, location: 2F
0-2: Foul Ball, location: 2F
0-2: Ball
1-2: Foul Ball, location: 2F
1-2: Ball
2-2: Fielders Choice at 2nd, 1-4 (Groundball, P, EV 70.6 MPH)
Batting: RHB Brad Boals 0-0: Called Strike
0-1: Ball
1-1: DOUBLE (Flyball, 8LXD, EV 106.2 MPH)
Dieter Knoops to third
Batting: LHB Ryan Karg 0-0: Called Strike
0-1: Called Strike
0-2: Ball
1-2: Strikes out swinging
Bottom of the 9th over - 0 runs, 1 hit, 0 errors, 2 left on base; Nashville 6 - Charlotte 1
Wednesday, June 22nd , 2022 - OOTP Baseball 23.4 Build 64